 Dungeon Crawl Stone Soup version 0.22-a0-833-g8522bf8 (webtiles) character file.

1164 inc the Basher (level 8, -2/78 HPs)
             Began as an Ogre Fighter on July 25, 2018.
             Slain by an orc warrior
             ... wielding a +0 flail of crushing
              (8 damage)
             ... on level 6 of the Dungeon.
             The game lasted 00:07:09 (4981 turns).

inc the Basher (Ogre Fighter)                       Turns: 4981, Time: 00:07:10

Health: -2/78      AC:  9    Str: 23    XL:     8   Next: 40%
Magic:  8/8        EV:  9    Int:  7    God:
Gold:   272        SH:  9    Dex:  8    Spells: 7/7 levels left

rFire    . . .     SeeInvis .   a - +0 flail
rCold    . . .     Gourm    .   c - +0 shield
rNeg     . . .     Faith    .   b - +0 robe
rPois    +         Spirit   .   (helmet restricted)
rElec    .         Reflect  .   (no cloak)
rCorr    .         Harm     .   (gloves unavailable)
MR       .....     Rnd*Rage +   (boots unavailable)
Stlth    +.........             (no amulet)
HPRegen  0.23/turn              t - ring of poison resistance
MPRegen  0.11/turn              o - +4 ring of protection

@: no status effects
A: large, unfitting armour, slimy green scales 1, berserk 1, dopey 1, tough skin
1
a: no special abilities


You were on level 6 of the Dungeon.
You were not hungry.

You visited 2 branches of the dungeon, and saw 7 of its levels.

You collected 272 gold pieces.

Inventory:

Hand Weapons
 a - a +0 flail (weapon)
Armour
 b - a +0 robe (worn)
 c - a +0 shield (worn)
Magical Staves
 v - an uncursed staff of power
 y - an uncursed staff of poison
Jewellery
 d - an uncursed ring of stealth
 i - an uncursed ring of protection from magic
 o - a +4 ring of protection (right hand)
 t - a ring of poison resistance (left hand)
Wands
 r - a wand of iceblast (8)
Scrolls
 e - a scroll of identify
 g - a scroll of blinking {unknown}
 l - 2 scrolls of immolation {unknown}
 m - 2 scrolls of teleportation {unknown}
 n - 3 scrolls of noise {unknown}
 p - 4 scrolls of remove curse {unknown}
 s - a scroll of enchant weapon {unknown}
 x - a scroll of enchant armour {unknown}
 z - a scroll of fear {unknown}
Potions
 h - a potion of degeneration
 j - a potion of lignification
 k - 3 potions of curing
 q - 2 potions of brilliance
 u - 2 potions of might
Comestibles
 f - 13 rations


   Skills:
 - Level 4.0 Fighting
 + Level 8.2 Maces & Flails
 - Level 2.6 Dodging
 - Level 4.6 Shields


You had 7 spell levels left.
You didn't know any spells.
Your spell library was empty.

Dungeon Overview and Level Annotations

Branches:
Dungeon (6/15)             Temple (1/1) D:4

Altars:
Ashenzari
Elyvilon
Fedhas
Gozag
Hepliaklqana
Qazlal
Ru
Sif Muna
Uskayaw
Vehumet
Wu Jian
Xom
Zin

Shops:
D:5 (

Annotations:
D:2 Crazy Yiuf


Innate Abilities, Weirdness & Mutations

You are too large for most types of armour.
You have tough skin. (AC +1)
You are partially covered in slimy green scales. (AC +2)
You tend to lose your temper in combat.
You are dopey. (Int -2)


Message History

You are too injured to fight recklessly!
You are too injured to fight recklessly!
You are too injured to fight recklessly!
You are too injured to fight recklessly!
You see here a scroll labeled QERUS YNISK.
Okay, then.
It was a potion of mutation.
You feel extremely strange.
You feel stupid.
You feel a little pissed off.
Slimy green scales grow over part of your body.
The orc misses you.
The orc warrior hits you with a flail of crushing!
* * * LOW HITPOINT WARNING * * *
x2 You hit the orc.
The orc is almost dead.
The orc hits you with a dagger.
* * * LOW HITPOINT WARNING * * *
You block the orc's attack.
Your shield prevents you from hitting the orc warrior.
The orc warrior hits you with a flail of crushing!
You die...

....).........#
%.............#
..............#
..............## ).
....[..........#
... #........w....
..###....o........
........ooo.....##
#......@.###.##
+........## .≈
##+#+###.........#
≈
................+#
.......<........#
................#
......)......##.≈≈≈
......†))....# .≈≈≈
........(....#
..≈≈≈


You could see an orc warrior, a dart slug and 3 orcs.

Vanquished Creatures
  Sigmund (D:3)
  An ogre (D:4)
  3 scorpions
  A vampire bat (D:4)
  2 howler monkeys (D:5)
  A bullfrog skeleton (D:6)
  2 hounds
  4 orc wizards
  A centaur skeleton (D:5)
  Jessica (D:2)
  An iguana (D:6)
  3 worker ants
  A hound skeleton (D:4)
  4 gnolls (D:5)
  5 adders
  2 oozes (D:5)
  2 worms (D:3)
  2 dart slugs (D:6)
  3 fire bats (D:4)
  6 leopard geckos
  11 orcs
  2 spectral bats (D:4)
  2 ball pythons
  19 bats
  3 bat skeletons (D:4)
  A bat zombie (D:4)
  4 giant cockroaches
  11 goblins
  9 hobgoblins
  7 jackals
  5 kobolds
  A quokka (D:2)
  A bat simulacrum (D:4)
  6 frilled lizards
  A jackal skeleton (D:6)
  A jackal zombie (D:5)
  A quokka skeleton (D:6)
  11 rats
142 creatures vanquished.

Notes
Turn   | Place    | Note
-------+----------+-------------------------------------------
     0 | D:1      | inc the Ogre Fighter began the quest for the Orb.
     0 | D:1      | Reached XP level 1. HP: 24/24 MP: 1/1
   127 | D:1      | Reached skill level 2 in Maces & Flails
   354 | D:1      | Reached XP level 2. HP: 29/32 MP: 2/2
   637 | D:1      | Reached XP level 3. HP: 37/39 MP: 3/3
  1427 | D:2      | Reached XP level 4. HP: 11/48 MP: 4/4
  1694 | D:2      | Found a hazy altar of Hepliaklqana.
  1732 | D:2      | Noticed Jessica
  1735 | D:2      | Reached skill level 3 in Maces & Flails
  1742 | D:2      | Killed Jessica
  1772 | D:2      | Found a shimmering altar of Xom.
  2055 | D:2      | Found a runed door.
  2059 | D:2      | Noticed Crazy Yiuf
  2083 | D:3      | Noticed Sigmund
  2274 | D:3      | Killed Sigmund
  2274 | D:3      | Reached skill level 4 in Maces & Flails
  2274 | D:3      | Reached XP level 5. HP: 46/54 MP: 5/5
  2274 | D:3      | Reached XP level 6. HP: 53/62 MP: 6/6
  2697 | D:4      | Found a staircase to the Ecumenical Temple.
  2716 | Temple   | Entered the Ecumenical Temple
  2929 | D:4      | Reached skill level 5 in Maces & Flails
  3262 | D:4      | Reached XP level 7. HP: 61/70 MP: 7/7
  3376 | D:4      | Reached skill level 6 in Maces & Flails
  3890 | D:5      | Entered Level 5 of the Dungeon
  4041 | D:5      | Reached skill level 7 in Maces & Flails
  4248 | D:5      | Found a hide-covered altar of Uskayaw.
  4251 | D:5      | Found a glowing silver altar of Zin.
  4348 | D:5      | Reached XP level 8. HP: 63/78 MP: 8/8
  4499 | D:5      | Found Izusoor's Weapon Shop.
  4939 | D:6      | Reached skill level 8 in Maces & Flails
  4979 | D:6      | Gained mutation: You are dopey. (Int -2) [potion of mutation]
  4979 | D:6      | Gained mutation: You tend to lose your temper in combat. [potion of mutation]
  4979 | D:6      | Gained mutation: You are partially covered in slimy green scales. (AC +2) [potion of mutation]
  4981 | D:6      | Slain by an orc warrior

Vault maps used:
D:1:      dpeg_arrival_windows_large_door
D:2:      nicolae_overflow_crystal_walls, lemuel_doored_altar, uniq_jessica,
          uniq_crazy_yiuf_cottage
D:3:      kennysheep_generic_room_5, uniq_sigmund
D:4:      minmay_temple_entry_statues_pillars, goddamned_bats
D:5:      minitemple, first_ration, serial_shops, shop
D:6:      kennysheep_slugbush, lemuel_coloured_pillars_altar,
          lemuel_crystal_altar, gup_sewer_entry_pipe, tgw_fedhas
Temple:   compressed_dpeg_triangle_lava_temple

Skill      XL: |  1  2  3  4  5  6  7  8 |
---------------+-------------------------+-----
Maces & Flails | 2 4 5 7 8 |  8.2
Shields        | 3 4 |  4.6
Fighting       | |  4.0
Dodging        | |  2.6

Action                   |  1- 3 |  4- 6 |  7- 9 || total
-------------------------+-------+-------+-------++-------
Melee: Flail             |   125 |   129 |   249 ||   503
  Use: Potion            |       |     1 |     1 ||     2
       Scroll            |       |       |     4 ||     4
  Eat: Chunk             |     1 |     5 |     8 ||    14
Armor: Robe              |    42 |    36 |   103 ||   181
Dodge: Dodged            |    70 |    60 |   109 ||   239
Block: Shield            |    81 |    65 |   127 ||   273

Table legend:
 A = Spawn XP
 B = Non-spawn XP
 C = Spawn XP percentage of total XP
 D = Spawn monster count
 E = Non-spawn monster count
 F = Spawn count percentage of total count
 G = Total turns spent on level
                    A         B        C        D         E        F      G
               +---------+---------+-------+---------+---------+-------+---------
         Total |       0 |    1664 |   0.0 |       0 |     142 |   0.0 |  4981
               +---------+---------+-------+---------+---------+-------+---------
           D:1 |       0 |      44 |   0.0 |       0 |      25 |   0.0 |   958
           D:2 |       0 |      98 |   0.0 |       0 |      31 |   0.0 |  1291
           D:3 |       0 |     242 |   0.0 |       0 |      14 |   0.0 |   389
           D:4 |       0 |     554 |   0.0 |       0 |      36 |   0.0 |  1091
           D:5 |       0 |     507 |   0.0 |       0 |      23 |   0.0 |  1029
           D:6 |       0 |     219 |   0.0 |       0 |      13 |   0.0 |    62
               +---------+---------+-------+---------+---------+-------+---------
